 Dungeon Crawl Stone Soup version 0.16-a0-3211-g52b77fd (webtiles) character file.

1670 Minkie the Conjurer (level 8, -1/52 HPs)
             Began as a Mummy Fire Elementalist on Dec 21, 2014.
             Was an Initiate of Sif Muna.
             Slain by a centaur (15 damage)
             ... on level 6 of the Dungeon on Dec 22, 2014.
             The game lasted 00:32:46 (9549 turns).

Minkie the Conjurer (Mummy Fire Elementalist)       Turns: 9549, Time: 00:32:46

Health: -1/52      AC:  8    Str: 19    XL:     8   Next: 69%
Magic:  12/16      EV: 13    Int: 16    God:    Sif Muna [......]
Gold:   298        SH:  0    Dex: 12    Spells: 4 memorised, 0 levels left

rFire  x . .     SeeInvis .     e - +1 short sword (protect)
rCold  + . .     Clarity  .     a - +0 robe
rNeg   + + +     SustAb   .     (no shield)
rPois  ∞         Gourm    .     o - +0 helmet
rElec  .         Spirit   .     (no cloak)
rCorr  .         Warding  .     (no gloves)
rMut   .         Stasis   .     (no boots)
MR     +....                    (no amulet)
Stlth  ++........               i - +5 ring of strength
                                h - +3 ring of strength

@: somewhat resistant to hostile enchantments, unstealthy
A: no food or potions, fire vulnerability, restore body, cold resistance 1,
negative energy resistance 3, poison resistance, torment resistance, unbreathing
a: Renounce Religion


You were on level 6 of the Dungeon.
You worshipped Sif Muna.
Sif Muna was noncommittal.
You were not hungry.

You visited 2 branches of the dungeon, and saw 7 of its levels.

You collected 298 gold pieces.

Inventory:

Hand weapons
 e - a +1 short sword of protection (weapon)
Armour
 a - a +0 robe (worn)
 o - a +0 helmet (worn)
Magical staves
 f - an uncursed staff of energy
Jewellery
 h - a +3 ring of strength (left hand)
 i - a +5 ring of strength (right hand)
Magical devices
 p - a wand of draining (5)
 t - a wand of draining (7)
 v - a wand of confusion (30)
 w - a wand of slowing (24)
 x - a wand of fireball (4)
Scrolls
 c - 4 scrolls of teleportation {unknown}
 d - a scroll of fear {unknown}
 j - 4 scrolls of identify {unknown}
 k - 2 scrolls of recharging {unknown}
 l - 3 scrolls of remove curse {unknown}
 m - 4 scrolls of random uselessness {unknown}
 n - a scroll of blinking {unknown}
 q - 3 scrolls of enchant weapon {unknown}
 r - a scroll of magic mapping {unknown}
 s - a scroll of noise {unknown}
Books
 b - a book of Flames

   Spells                             Type                      Level
   a - Flame Tongue                   Conjuration/Fire             1
   b - Throw Flame                    Conjuration/Fire             2
   c - Conjure Flame                  Conjuration/Fire             3
   d - Inner Flame                    Hexes/Fire                   3
   e - Sticky Flame                   Conjuration/Fire             4
   f - Fireball                       Conjuration/Fire             5
 u - a book of Callings

   Spells                             Type                      Level
   a - Summon Small Mammal            Summoning                    1
   b - Call Imp                       Summoning                    2
   c - Call Canine Familiar           Summoning                    3
   d - Summon Guardian Golem          Hexes/Summoning              4
   e - Summon Lightning Spire         Summoning/Air                4
   f - Summon Ice Beast               Ice/Summoning                4
 y - a book of Hinderance

   Spells                             Type                      Level
   a - Confusing Touch                Hexes                        2
   b - Confuse                        Hexes                        3
   c - Petrify                        Transmutation/Earth          4
   d - Metabolic Englaciation         Hexes/Ice                    5
   e - Summon Mana Viper              Hexes/Summoning              5
   f - Gell's Gravitas                Hexes/Translocation          6
 z - a book of Battle

   Spells                             Type                      Level
   a - Infusion                       Charms                       1
   b - Shroud of Golubria             Charms/Translocation         2
   c - Song of Slaying                Charms                       2
   d - Spectral Weapon                Hexes/Charms                 3
   e - Regeneration                   Charms/Necromancy            3


   Skills:
 + Level 3.2 Dodging
 - Level 1.5 Stealth
 - Level 3.0 Spellcasting
 + Level 6.3 Conjurations
 + Level 0.7 Summonings
 - Level 6.0 Fire Magic
 + Level 0.5 Air Magic


You couldn't memorise any spells.
You knew the following spells:

 Your Spells              Type           Power        Failure   Level  Hunger
a - Flame Tongue          Conj/Fire      ###..        1%          1    N/A
b - Conjure Flame         Conj/Fire      ###.....     6%          3    N/A
c - Fireball              Conj/Fire      ###.......   50%         5    N/A
d - Summon Lightning Spi  Summ/Air       #.......     98%         4    N/A

Dungeon Overview and Level Annotations

Branches:
Dungeon (6/15)             Temple (1/1) D:5

Altars:
Ashenzari
Cheibriados
Dithmenos
Elyvilon
Gozag
Kikubaaqudgha
Makhleb
Nemelex Xobeh
Okawaru
Qazlal
Ru
Sif Muna
Trog
Vehumet
Xom
Zin
The Shining One


Innate Abilities, Weirdness & Mutations

You do not eat or drink.
Your flesh is vulnerable to fire.
Your flesh is cold resistant.
You are immune to negative energy.
Your system is resistant to poisons.
You are immune to unholy pain and torment.
You can survive without breathing.


Message History

* * * LOW HITPOINT WARNING * * *
The centaur barely misses you.
Casting: Flame Tongue
Confirm with . or Enter, or press ? or * to list all spells.
Aiming: Flame Tongue
Press: ? - help, Shift-Dir - straight line, f/p - centaur
Aim: a centaur (heavily wounded, berserk, fast, unusually strong)
The flame tongue hits the centaur.
The centaur is heavily wounded.
The centaur closely misses you.
The centaur hits you but does no damage.
Casting: Flame Tongue
Confirm with . or Enter, or press ? or * to list all spells.
Aiming: Flame Tongue
Press: ? - help, Shift-Dir - straight line, f/p - centaur
Aim: a centaur (heavily wounded, berserk, fast, unusually strong)
The flame tongue hits the centaur.
The centaur is severely wounded.
The centaur hits you!
You die...

+##.#.########## ...........#
.......†.......+.......>....#
.##...########.# .........h#
.###).# #.# ........### .#
#..# #.# #.......... .# ##.##
#.#######...?...... .# #..#
#......c'(......... .# #..##
####.c######......... .#
#...###.....@....#....(....
.#
#..............[.#.........
.# ###...........)..#........
## #..............#....c..
##.............#......
#.............######
#....##+####### ##....#.#
##+#.#.#


You could see a centaur (berserk).

Vanquished Creatures
  The ghost of Minkie the Archer, an experienced HEAM (D:4)
  An ice beast (D:6)
  2 phantoms
  3 centaurs
  A giant frog (D:6)
  2 scorpions
  A goliath beetle (D:6)
  4 hounds
  5 orc wizards
  4 iguanas
  Natasha (thrice) (D:5)
  2 worker ants
  A killer bee zombie (D:6)
  2 hound zombies
  3 gnolls (D:6)
  10 adders
  A giant mite (D:2)
  A worm (D:3)
  2 adder skeletons
  3 giant geckos
  25 orcs
  10 goblins
  13 hobgoblins
  14 jackals
  12 kobolds
  3 quokkas
  A ball python (D:5)
  13 bats
  6 giant cockroaches
  6 giant newts
  5 rats
160 creatures vanquished.

Notes
Turn   | Place    | Note
--------------------------------------------------------------
     0 | D:1      | Minkie, the Mummy Fire Elementalist, began the quest for the Orb.
     0 | D:1      | Reached XP level 1. HP: 13/13 MP: 3/3
    95 | D:1      | Reached skill level 1 in Conjurations
   366 | D:1      | Reached XP level 2. HP: 19/19 MP: 0/4
  1135 | D:2      | Reached skill level 3 in Fire Magic
  1135 | D:2      | Reached XP level 3. HP: 24/24 MP: 4/6
  1883 | D:2      | Reached XP level 4. HP: 26/30 MP: 4/7
  2306 | D:3      | Found a glowing silver altar of Zin.
  2306 | D:3      | Noticed an angel
  2798 | D:3      | Reached XP level 5. HP: 14/35 MP: 0/9
  2803 | D:3      | Learned a level 3 spell: Conjure Flame
  3290 | D:3      | Reached skill level 4 in Fire Magic
  3822 | D:3      | Found a shadowy altar of Dithmenos.
  4328 | D:4      | Reached XP level 6. HP: 33/41 MP: 0/10
  4882 | D:4      | Noticed Minkie's ghost (experienced HEAM)
  5159 | D:5      | Entered Level 5 of the Dungeon
  5734 | D:4      | Reached skill level 5 in Fire Magic
  5734 | D:4      | Reached XP level 7. HP: 40/46 MP: 7/12
  6358 | D:4      | Killed Minkie's ghost
  6358 | D:4      | Reached skill level 5 in Conjurations
  7154 | D:5      | Noticed Natasha
  7163 | D:5      | Killed Natasha
  7332 | D:5      | Reached skill level 6 in Fire Magic
  7332 | D:5      | Reached XP level 8. HP: 48/52 MP: 7/13
  7447 | D:5      | Found a sacrificial altar of Ru.
  7502 | D:5      | Found a staircase to the Ecumenical Temple.
  7603 | Temple   | Entered the Ecumenical Temple
  7927 | D:5      | Found a bloodstained altar of Trog.
  7975 | D:5      | Found a deep blue altar of Sif Muna.
  7978 | D:5      | Became a worshipper of Sif Muna the Loreminder
  8100 | D:5      | Learned a level 5 spell: Fireball
  8139 | D:5      | Noticed Natasha
  8143 | D:5      | Killed Natasha
  8558 | D:5      | Noticed Natasha
  8561 | D:5      | Killed Natasha
  8828 | D:6      | Found a staircase to the Ecumenical Temple.
  9243 | D:6      | Learned a level 4 spell: Summon Lightning Spire
  9549 | D:6      | Slain by a centaur

Action                   |  1- 3 |  4- 6 |  7- 9 || total
-------------------------+-------+-------+-------++-------
Melee: Short sword       |    20 |    23 |    13 ||    56
 Cast: Flame Tongue      |    63 |   177 |   177 ||   417
       Conjure Flame     |       |     4 |    10 ||    14
Evoke: Staff of energy   |       |     2 |     6 ||     8
